[ AOE2 MATCH · #506061723 ]
UnrankedEthiopians vs Ethiopians
[ REPLAY ANALYSIS · EXTRACTED FROM THE RECORDED GAME ]
Feudal
10:21
Castle
—
Imperial
—
| APM avg | 26.9 |
| APM peak | 56 |
| eAPM avg | 13.4 |
| Villagers / military | 48 / 8 |
Focus
⚔️ 26.1% · 🌾 73.9%
Archer ×8
Feudal
9:25
Castle
—
Imperial
—
| APM avg | 71.9 |
| APM peak | 113 |
| eAPM avg | 31.6 |
| Villagers / military | 32 / 13 |
Focus
⚔️ 22.0% · 🌾 78.0%
Archer ×13
Feudal
10:05
Castle
—
Imperial
—
| APM avg | 44.7 |
| APM peak | 65 |
| eAPM avg | 22.8 |
| Villagers / military | 35 / 14 |
Focus
⚔️ 26.6% · 🌾 73.4%
Archer ×14
Feudal
9:04
Castle
—
Imperial
—
| APM avg | 58.4 |
| APM peak | 131 |
| eAPM avg | 29.2 |
| Villagers / military | 41 / 11 |
Focus
⚔️ 63.9% · 🌾 36.1%
Scout Cavalry ×11
Feudal
9:44
Castle
—
Imperial
—
| APM avg | 43.5 |
| APM peak | 79 |
| eAPM avg | 21.2 |
| Villagers / military | 35 / 15 |
Focus
⚔️ 42.3% · 🌾 57.7%
Archer ×11 · Spearman ×3 · Skirmisher ×1
Feudal
8:52
Castle
—
Imperial
—
| APM avg | 38.7 |
| APM peak | 69 |
| eAPM avg | 15.1 |
| Villagers / military | 34 / 5 |
Focus
⚔️ 17.6% · 🌾 82.4%
Scout Cavalry ×5
Feudal
10:56
Castle
—
Imperial
—
| APM avg | 37.1 |
| APM peak | 59 |
| eAPM avg | 14.6 |
| Villagers / military | 27 / 2 |
Focus
⚔️ 13.3% · 🌾 86.7%
Spearman ×2
Feudal
9:43
Castle
—
Imperial
—
| APM avg | 35.7 |
| APM peak | 71 |
| eAPM avg | 14.0 |
| Villagers / military | 35 / 7 |
Focus
⚔️ 22.5% · 🌾 77.5%
Scout Cavalry ×7
Match map
Initial resources + every placement click. Lines = walls · curves = elevation contours. ◆ gold · ⬟ stone · ● berries · ✦ relic · ◌ wall gap
Your base· ✓ Closed at 12:00 · 54t walls · no gate
Falso Caballero's base· Open — unwalled flank
Nhitty's base· Open — 3t gap
Dadagama's base· Open — unwalled flank
SpawnShark's base· Open — unwalled flank
HIX | Milongo's base· Open — unwalled flank
riZen's base· Open — 1t gap
sss129458's base· Open — unwalled flank
Smoothed initial terrain · ◌ = detected wall gap · hover for details
Inputs per minute
— Codiman - - Falso Caballero
Build order — Codiman
82 actions detected in the replay
| 0:02 | Queue | Villager (Male) |
| 0:03 | Queue | Villager (Male) |
| 0:03 | Queue | Villager (Male) |
| 0:07 | Build | House |
| 0:09 | Build | House |
| 0:09 | Queue | Villager (Male) |
| 0:10 | Queue | Villager (Male) |
| 1:36 | Queue | Villager (Male) |
| 1:36 | Queue | Villager (Male) |
| 1:37 | Queue | Villager (Male) |
| 1:53 | Queue | Villager (Male) |
| 1:53 | Queue | Villager (Male) |
| 2:23 | Queue | Villager (Male) |
| 2:24 | Queue | Villager (Male) |
| 2:48 | Queue | Villager (Male) |
| 2:48 | Queue | Villager (Male) |
| 3:17 | Build | Mill |
| 3:30 | Build | House |
| 3:36 | Queue | Villager (Male) |
| 3:36 | Queue | Villager (Male) |
| 3:37 | Queue | Villager (Male) |
| 4:12 | Queue | Villager (Male) |
| 4:12 | Queue | Villager (Male) |
| 4:33 | Queue | Villager (Male) |
| 4:34 | Queue | Villager (Male) |
| 4:47 | Queue | Villager (Male) |
| 4:48 | Queue | Villager (Male) |
| 4:48 | Queue | Villager (Male) |
| 4:48 | Queue | Villager (Male) |
| 5:17 | Queue | Villager (Male) |
| 5:17 | Queue | Villager (Male) |
| 5:42 | Queue | Villager (Male) |
| 5:42 | Queue | Villager (Male) |
| 5:58 | Queue | Villager (Male) |
| 5:59 | Queue | Villager (Male) |
| 5:59 | Queue | Villager (Male) |
| 6:08 | Build | House |
| 6:11 | Build | House |
| 6:46 | Queue | Villager (Male) |
| 6:56 | Queue | Villager (Male) |
| 7:05 | Build | Lumber Camp |
| 7:18 | Queue | Villager (Male) |
| 7:43 | Research | Loom |
| 8:08 | Research | Feudal Age |
| 8:16 | Build | Mining Camp |
| 8:42 | Queue | Villager (Male) |
| 9:39 | Build | Barracks |
| 9:58 | Build | Palisade Wall |
| 10:00 | Build | Palisade Wall |
| 10:02 | Queue | Villager (Male) |
| 10:08 | Build | Palisade Wall |
| 10:21 | Age | Feudal Age |
| 10:27 | Build | Palisade Wall |
| 10:29 | Queue | Villager (Male) |
| 10:30 | Queue | Villager (Male) |
| 10:40 | Queue | Villager (Male) |
| 11:22 | Build | Archery Range |
| 11:24 | Queue | Villager (Male) |
| 11:32 | Queue | Villager (Male) |
| 11:39 | Queue | Villager (Male) |
| 11:56 | Build | Palisade Wall |
| 11:59 | Build | Palisade Wall |
| 12:01 | Queue | Villager (Male) |
| 12:05 | Queue | Villager (Male) |
| 12:15 | Build | House |
| 12:17 | Build | House |
| 12:23 | Queue | Archer |
| 12:23 | Queue | Archer |
| 12:24 | Queue | Archer |
| 12:24 | Queue | Archer |
| 12:38 | Build | Palisade Gate |
| 12:47 | Build | Palisade Wall |
| 12:49 | Queue | Villager (Male) |
| 12:52 | Queue | Villager (Male) |
| 13:06 | Build | Mill |
| 13:25 | Queue | Archer |
| 13:38 | Queue | Archer |
| 13:39 | Queue | Archer |
| 13:47 | Queue | Archer |
| 14:15 | Build | Blacksmith |
| 14:29 | Queue | Villager (Male) |
| 14:49 | Build | Archery Range |
Build order — Falso Caballero
79 actions detected in the replay
| 0:01 | Queue | Villager (Male) |
| 0:02 | Queue | Villager (Male) |
| 0:03 | Build | House |
| 0:05 | Build | House |
| 0:05 | Queue | Villager (Male) |
| 0:13 | Queue | Villager (Male) |
| 0:13 | Queue | Villager (Male) |
| 1:14 | Queue | Villager (Male) |
| 1:15 | Queue | Villager (Male) |
| 1:44 | Queue | Villager (Male) |
| 2:04 | Build | Lumber Camp |
| 2:30 | Queue | Villager (Male) |
| 2:31 | Queue | Villager (Male) |
| 2:51 | Queue | Villager (Male) |
| 3:00 | Queue | Villager (Male) |
| 3:01 | Queue | Villager (Male) |
| 3:17 | Build | House |
| 3:40 | Queue | Villager (Male) |
| 3:40 | Queue | Villager (Male) |
| 3:48 | Queue | Villager (Male) |
| 4:58 | Queue | Villager (Male) |
| 5:00 | Queue | Villager (Male) |
| 5:12 | Build | Mining Camp |
| 5:37 | Queue | Villager (Male) |
| 6:12 | Queue | Villager (Male) |
| 6:15 | Build | House |
| 6:30 | Research | Loom |
| 7:15 | Research | Feudal Age |
| 8:21 | Build | Barracks |
| 8:57 | Queue | Villager (Male) |
| 8:57 | Queue | Villager (Male) |
| 9:25 | Age | Feudal Age |
| 9:28 | Build | Archery Range |
| 9:43 | Queue | Villager (Male) |
| 9:53 | Build | Archery Range |
| 9:55 | Queue | Villager (Male) |
| 10:03 | Build | Palisade Wall |
| 10:05 | Build | Palisade Wall |
| 10:10 | Build | House |
| 10:19 | Queue | Archer |
| 10:22 | Queue | Archer |
| 10:35 | Queue | Archer |
| 10:40 | Queue | Villager (Male) |
| 10:48 | Queue | Archer |
| 10:54 | Build | House |
| 11:05 | Queue | Archer |
| 11:05 | Queue | Archer |
| 11:12 | Build | Palisade Wall |
| 11:12 | Build | Palisade Wall |
| 11:13 | Build | Palisade Wall |
| 11:14 | Build | Palisade Wall |
| 11:23 | Queue | Villager (Male) |
| 11:48 | Build | Blacksmith |
| 11:50 | Build | Palisade Wall |
| 11:53 | Queue | Villager (Male) |
| 12:25 | Queue | Villager (Male) |
| 12:34 | Build | House |
| 12:37 | Research | Fletching |
| 12:46 | Queue | Villager (Male) |
| 12:49 | Build | Mill |
| 12:56 | Queue | Archer |
| 12:56 | Queue | Archer |
| 13:07 | Build | Palisade Wall |
| 13:08 | Build | Palisade Wall |
| 13:10 | Queue | Archer |
| 13:16 | Queue | Archer |
| 13:16 | Queue | Archer |
| 13:41 | Build | Farm |
| 13:53 | Queue | Archer |
| 13:53 | Queue | Archer |
| 14:04 | Queue | Villager (Male) |
| 14:26 | Queue | Villager (Male) |
| 14:32 | Build | House |
| 14:37 | Queue | Villager (Male) |
| 14:39 | Build | Farm |
| 14:44 | Build | Farm |
| 14:47 | Build | House |
| 14:48 | Build | Palisade Wall |
| 14:49 | Build | Palisade Wall |
Build order — Nhitty
82 actions detected in the replay
| 0:01 | Queue | Villager (Male) |
| 0:01 | Queue | Villager (Male) |
| 0:03 | Build | House |
| 0:05 | Build | House |
| 0:10 | Queue | Villager (Male) |
| 0:10 | Queue | Villager (Male) |
| 1:21 | Queue | Villager (Male) |
| 1:36 | Build | Lumber Camp |
| 1:52 | Queue | Villager (Male) |
| 1:52 | Queue | Villager (Male) |
| 2:26 | Queue | Villager (Male) |
| 2:26 | Queue | Villager (Male) |
| 2:48 | Queue | Villager (Male) |
| 2:48 | Queue | Villager (Male) |
| 3:11 | Queue | Villager (Male) |
| 3:11 | Queue | Villager (Male) |
| 4:02 | Queue | Villager (Male) |
| 4:02 | Queue | Villager (Male) |
| 4:02 | Queue | Villager (Male) |
| 4:25 | Build | House |
| 4:38 | Research | Loom |
| 5:06 | Queue | Villager (Male) |
| 5:07 | Queue | Villager (Male) |
| 5:13 | Build | Mill |
| 5:43 | Queue | Villager (Male) |
| 5:43 | Queue | Villager (Male) |
| 5:53 | Queue | Villager (Male) |
| 6:54 | Build | Barracks |
| 6:57 | Build | House |
| 7:14 | Queue | Villager (Male) |
| 7:55 | Research | Feudal Age |
| 7:55 | Research | Feudal Age |
| 8:32 | Build | Palisade Wall |
| 8:37 | Queue | Villager (Male) |
| 8:49 | Build | Mining Camp |
| 9:28 | Build | Palisade Wall |
| 9:28 | Build | Palisade Wall |
| 9:43 | Build | House |
| 9:46 | Queue | Villager (Male) |
| 10:05 | Age | Feudal Age |
| 10:07 | Build | Archery Range |
| 10:08 | Queue | Villager (Male) |
| 10:09 | Queue | Villager (Male) |
| 10:09 | Queue | Villager (Male) |
| 10:21 | Research | Double-Bit Axe |
| 10:21 | Research | Double-Bit Axe |
| 10:42 | Build | Archery Range |
| 11:06 | Research | Double-Bit Axe |
| 11:06 | Research | Double-Bit Axe |
| 11:07 | Research | Double-Bit Axe |
| 11:13 | Queue | Archer |
| 11:13 | Queue | Archer |
| 11:21 | Build | Palisade Wall |
| 11:30 | Queue | Villager (Male) |
| 11:31 | Queue | Villager (Male) |
| 11:36 | Queue | Archer |
| 11:36 | Queue | Archer |
| 11:37 | Queue | Archer |
| 11:48 | Build | Palisade Wall |
| 11:53 | Build | Palisade Wall |
| 11:58 | Queue | Archer |
| 11:59 | Queue | Archer |
| 12:04 | Build | House |
| 12:08 | Build | Palisade Wall |
| 12:10 | Build | Palisade Wall |
| 12:22 | Queue | Villager (Male) |
| 12:23 | Queue | Villager (Male) |
| 12:26 | Build | Palisade Wall |
| 12:46 | Queue | Archer |
| 12:46 | Queue | Archer |
| 12:46 | Queue | Archer |
| 12:47 | Queue | Archer |
| 12:54 | Build | House |
| 13:21 | Build | Palisade Wall |
| 13:27 | Queue | Villager (Male) |
| 13:28 | Queue | Villager (Male) |
| 13:30 | Queue | Archer |
| 13:30 | Queue | Archer |
| 13:30 | Queue | Archer |
| 14:01 | Build | Blacksmith |
| 14:09 | Queue | Villager (Male) |
| 14:10 | Queue | Villager (Male) |
Build order — Dadagama
91 actions detected in the replay
| 0:00 | Queue | Villager (Male) |
| 0:00 | Queue | Villager (Male) |
| 0:01 | Queue | Villager (Male) |
| 0:02 | Build | House |
| 0:04 | Build | House |
| 0:27 | Queue | Villager (Male) |
| 0:27 | Queue | Villager (Male) |
| 0:27 | Queue | Villager (Male) |
| 1:20 | Queue | Villager (Male) |
| 1:20 | Queue | Villager (Male) |
| 1:57 | Queue | Villager (Male) |
| 1:57 | Queue | Villager (Male) |
| 2:03 | Build | Lumber Camp |
| 2:21 | Queue | Villager (Male) |
| 2:21 | Queue | Villager (Male) |
| 2:41 | Queue | Villager (Male) |
| 2:41 | Queue | Villager (Male) |
| 3:05 | Build | House |
| 3:06 | Build | House |
| 3:49 | Queue | Villager (Male) |
| 3:50 | Queue | Villager (Male) |
| 3:50 | Queue | Villager (Male) |
| 3:50 | Queue | Villager (Male) |
| 3:59 | Research | Loom |
| 3:59 | Research | Loom |
| 4:08 | Queue | Villager (Male) |
| 4:44 | Build | Mill |
| 5:20 | Queue | Villager (Male) |
| 5:21 | Queue | Villager (Male) |
| 5:21 | Queue | Villager (Male) |
| 5:21 | Queue | Villager (Male) |
| 5:21 | Queue | Villager (Male) |
| 5:22 | Queue | Villager (Male) |
| 5:22 | Queue | Villager (Male) |
| 6:05 | Research | Loom |
| 6:50 | Research | Feudal Age |
| 7:12 | Build | Barracks |
| 7:13 | Build | House |
| 8:02 | Queue | Villager (Male) |
| 8:02 | Queue | Villager (Male) |
| 8:44 | Build | Palisade Wall |
| 9:04 | Age | Feudal Age |
| 9:05 | Build | Stable |
| 9:07 | Research | Double-Bit Axe |
| 9:12 | Build | House |
| 9:15 | Build | Palisade Wall |
| 9:27 | Queue | Villager (Male) |
| 9:47 | Queue | Scout Cavalry |
| 9:47 | Queue | Scout Cavalry |
| 9:47 | Queue | Scout Cavalry |
| 9:47 | Queue | Scout Cavalry |
| 9:51 | Queue | Scout Cavalry |
| 10:06 | Queue | Villager (Male) |
| 10:06 | Queue | Villager (Male) |
| 10:19 | Build | Farm |
| 10:57 | Queue | Scout Cavalry |
| 10:59 | Queue | Villager (Male) |
| 11:04 | Build | Farm |
| 11:07 | Build | Farm |
| 11:11 | Build | Palisade Wall |
| 11:17 | Build | Farm |
| 11:19 | Queue | Villager (Male) |
| 11:28 | Build | Farm |
| 11:31 | Build | Farm |
| 11:37 | Queue | Villager (Male) |
| 11:57 | Queue | Villager (Male) |
| 12:02 | Queue | Scout Cavalry |
| 12:02 | Queue | Scout Cavalry |
| 12:52 | Queue | Villager (Male) |
| 12:53 | Queue | Scout Cavalry |
| 13:06 | Queue | Villager (Male) |
| 13:09 | Build | Farm |
| 13:10 | Build | Farm |
| 13:10 | Build | Farm |
| 13:10 | Build | Farm |
| 13:10 | Build | Farm |
| 13:11 | Build | Farm |
| 13:11 | Build | Farm |
| 13:11 | Build | Farm |
| 13:12 | Queue | Villager (Male) |
| 13:13 | Queue | Villager (Male) |
| 13:22 | Build | House |
| 13:29 | Build | House |
| 13:30 | Build | House |
| 13:31 | Build | House |
| 13:45 | Build | House |
| 14:12 | Queue | Scout Cavalry |
| 14:12 | Queue | Scout Cavalry |
| 14:13 | Queue | Villager (Male) |
| 14:13 | Queue | Villager (Male) |
| 14:20 | Build | House |
Build order — SpawnShark
78 actions detected in the replay
| 0:02 | Queue | Villager (Male) |
| 0:02 | Queue | Villager (Male) |
| 0:04 | Build | House |
| 0:05 | Build | House |
| 0:45 | Queue | Villager (Male) |
| 0:45 | Queue | Villager (Male) |
| 1:16 | Queue | Villager (Male) |
| 1:16 | Queue | Villager (Male) |
| 1:16 | Queue | Villager (Male) |
| 1:24 | Build | Lumber Camp |
| 1:32 | Build | Lumber Camp |
| 1:49 | Build | Palisade Wall |
| 2:04 | Queue | Villager (Male) |
| 2:25 | Research | Loom |
| 2:26 | Queue | Villager (Male) |
| 2:27 | Queue | Villager (Male) |
| 3:16 | Queue | Villager (Male) |
| 3:16 | Queue | Villager (Male) |
| 3:16 | Queue | Villager (Male) |
| 3:17 | Queue | Villager (Male) |
| 3:55 | Queue | Villager (Male) |
| 3:56 | Queue | Villager (Male) |
| 3:56 | Queue | Villager (Male) |
| 4:03 | Build | House |
| 4:30 | Queue | Villager (Male) |
| 4:36 | Build | House |
| 4:41 | Queue | Villager (Male) |
| 5:40 | Build | Mill |
| 5:47 | Queue | Villager (Male) |
| 6:15 | Queue | Villager (Male) |
| 6:51 | Research | Loom |
| 7:34 | Research | Feudal Age |
| 7:35 | Research | Feudal Age |
| 8:14 | Queue | Villager (Male) |
| 8:15 | Queue | Villager (Male) |
| 8:22 | Build | Barracks |
| 9:44 | Age | Feudal Age |
| 9:48 | Build | Archery Range |
| 9:52 | Research | Double-Bit Axe |
| 9:53 | Research | Double-Bit Axe |
| 9:53 | Research | Double-Bit Axe |
| 9:56 | Build | Mining Camp |
| 10:08 | Queue | Villager (Male) |
| 10:23 | Queue | Villager (Male) |
| 10:36 | Queue | Villager (Male) |
| 10:38 | Queue | Archer |
| 10:39 | Queue | Archer |
| 10:47 | Build | Blacksmith |
| 10:50 | Build | House |
| 10:58 | Build | Palisade Wall |
| 11:02 | Queue | Villager (Male) |
| 11:04 | Queue | Archer |
| 11:20 | Queue | Spearman |
| 11:45 | Build | House |
| 11:52 | Queue | Archer |
| 11:53 | Queue | Villager (Male) |
| 11:53 | Queue | Villager (Male) |
| 12:11 | Queue | Archer |
| 12:23 | Queue | Spearman |
| 12:46 | Research | Fletching |
| 12:47 | Research | Fletching |
| 12:49 | Queue | Villager (Male) |
| 13:00 | Queue | Archer |
| 13:00 | Queue | Archer |
| 13:00 | Queue | Archer |
| 13:06 | Queue | Spearman |
| 13:24 | Queue | Villager (Male) |
| 13:24 | Queue | Villager (Male) |
| 13:28 | Queue | Archer |
| 14:11 | Queue | Archer |
| 14:12 | Queue | Skirmisher |
| 14:12 | Queue | Archer |
| 14:12 | Queue | Villager (Male) |
| 14:12 | Queue | Villager (Male) |
| 14:12 | Queue | Villager (Male) |
| 14:20 | Build | House |
| 14:22 | Research | Horse Collar |
| 14:23 | Research | Horse Collar |
Build order — HIX | Milongo
70 actions detected in the replay
| 0:02 | Queue | Villager (Male) |
| 0:03 | Build | House |
| 0:06 | Build | House |
| 0:16 | Queue | Villager (Male) ×3 |
| 1:10 | Queue | Villager (Male) |
| 1:48 | Queue | Villager (Male) |
| 1:48 | Queue | Villager (Male) |
| 1:54 | Queue | Villager (Male) |
| 2:38 | Build | Lumber Camp |
| 3:16 | Queue | Villager (Male) ×3 |
| 3:28 | Build | House |
| 3:41 | Queue | Villager (Male) |
| 4:54 | Queue | Villager (Male) |
| 4:55 | Queue | Villager (Male) ×3 |
| 5:17 | Queue | Villager (Male) ×2 |
| 5:51 | Build | Mill |
| 6:43 | Research | Feudal Age |
| 6:43 | Research | Feudal Age |
| 6:45 | Research | Loom |
| 8:18 | Build | Barracks |
| 8:26 | Build | House |
| 8:31 | Build | House |
| 8:52 | Age | Feudal Age |
| 9:10 | Build | Stable |
| 9:18 | Queue | Villager (Male) |
| 9:23 | Research | Double-Bit Axe |
| 9:49 | Queue | Villager (Male) |
| 9:50 | Queue | Villager (Male) |
| 9:52 | Queue | Scout Cavalry |
| 10:06 | Build | Farm |
| 10:13 | Build | Farm |
| 10:17 | Build | Palisade Wall |
| 10:20 | Build | Palisade Wall |
| 10:22 | Build | House |
| 10:23 | Queue | Villager (Male) |
| 10:25 | Queue | Scout Cavalry |
| 10:29 | Build | Farm |
| 10:44 | Queue | Villager (Male) |
| 10:54 | Build | Farm |
| 11:01 | Build | Farm |
| 11:04 | Queue | Scout Cavalry |
| 11:33 | Build | House |
| 11:35 | Queue | Villager (Male) |
| 11:38 | Build | Farm |
| 11:40 | Build | Farm |
| 11:47 | Queue | Villager (Male) |
| 12:09 | Queue | Villager (Male) |
| 12:11 | Queue | Scout Cavalry |
| 12:17 | Build | Palisade Wall |
| 12:18 | Queue | Villager (Male) |
| 12:59 | Queue | Villager (Male) |
| 13:04 | Build | Farm |
| 13:06 | Build | Farm |
| 13:08 | Queue | Scout Cavalry |
| 13:14 | Build | House |
| 13:14 | Queue | Villager (Male) |
| 13:18 | Build | Farm |
| 13:20 | Build | Farm |
| 13:24 | Queue | Villager (Male) |
| 13:42 | Queue | Villager (Male) |
| 14:09 | Queue | Villager (Male) |
| 14:13 | Build | Farm |
| 14:15 | Build | Farm |
| 14:17 | Queue | Villager (Male) |
| 14:26 | Build | Blacksmith |
| 14:29 | Build | Palisade Wall |
| 14:30 | Build | Palisade Wall |
| 14:32 | Queue | Villager (Male) |
| 14:36 | Build | House |
| 14:38 | Build | House |
Build order — riZen
63 actions detected in the replay
| 0:01 | Queue | Villager (Male) |
| 0:01 | Queue | Villager (Male) |
| 0:02 | Build | House |
| 0:04 | Build | House |
| 0:44 | Queue | Villager (Male) |
| 0:45 | Queue | Villager (Male) |
| 1:28 | Queue | Villager (Male) |
| 1:44 | Build | Lumber Camp |
| 1:53 | Queue | Villager (Male) |
| 1:54 | Queue | Villager (Male) |
| 2:28 | Queue | Villager (Male) |
| 2:54 | Queue | Villager (Male) |
| 3:08 | Queue | Villager (Male) |
| 3:17 | Build | House |
| 3:40 | Queue | Villager (Male) |
| 3:40 | Queue | Villager (Male) |
| 3:53 | Build | Mill |
| 4:08 | Queue | Villager (Male) |
| 4:26 | Research | Loom |
| 4:26 | Queue | Villager (Male) |
| 5:01 | Queue | Villager (Male) |
| 5:01 | Queue | Villager (Male) |
| 5:30 | Build | House |
| 5:36 | Queue | Villager (Male) |
| 6:22 | Build | Mill |
| 6:25 | Queue | Villager (Male) |
| 6:25 | Queue | Villager (Male) |
| 7:18 | Queue | Villager (Male) |
| 7:47 | Queue | Villager (Male) |
| 7:56 | Queue | Villager (Male) |
| 7:56 | Queue | Villager (Male) |
| 7:59 | Build | House |
| 8:05 | Build | Palisade Wall |
| 8:09 | Build | Palisade Wall |
| 8:23 | Build | Palisade Wall |
| 8:25 | Build | Palisade Wall |
| 8:40 | Research | Feudal Age |
| 8:40 | Research | Feudal Age |
| 8:51 | Build | Mining Camp |
| 9:21 | Build | Barracks |
| 9:37 | Build | Palisade Wall |
| 9:50 | Build | Palisade Wall |
| 10:02 | Queue | Villager (Male) |
| 10:15 | Build | House |
| 10:56 | Age | Feudal Age |
| 10:58 | Build | Stable |
| 11:16 | Queue | Villager (Male) |
| 11:48 | Build | Mill |
| 11:54 | Build | Blacksmith |
| 12:11 | Queue | Spearman |
| 12:13 | Queue | Villager (Male) |
| 12:21 | Build | Palisade Gate |
| 12:24 | Build | Palisade Wall |
| 12:51 | Queue | Villager (Male) |
| 13:11 | Build | Farm |
| 13:14 | Build | Farm |
| 13:27 | Build | Farm |
| 13:29 | Research | Castle Age |
| 13:32 | Queue | Spearman |
| 13:40 | Build | Farm |
| 13:54 | Research | Double-Bit Axe |
| 13:54 | Research | Double-Bit Axe |
| 13:55 | Research | Double-Bit Axe |
Build order — sss129458
75 actions detected in the replay
| 0:01 | Queue | Villager (Male) |
| 0:01 | Queue | Villager (Male) |
| 0:02 | Build | House |
| 0:04 | Build | House |
| 0:17 | Queue | Villager (Male) |
| 0:18 | Queue | Villager (Male) |
| 1:36 | Queue | Villager (Male) |
| 1:36 | Queue | Villager (Male) |
| 1:38 | Queue | Villager (Male) |
| 1:38 | Queue | Villager (Male) |
| 1:47 | Build | Lumber Camp |
| 2:24 | Queue | Villager (Male) |
| 2:24 | Queue | Villager (Male) |
| 2:53 | Queue | Villager (Male) |
| 2:54 | Queue | Villager (Male) |
| 3:03 | Queue | Villager (Male) |
| 3:03 | Queue | Villager (Male) |
| 3:39 | Queue | Villager (Male) |
| 3:40 | Queue | Villager (Male) |
| 3:41 | Queue | Villager (Male) |
| 4:05 | Build | House |
| 4:07 | Build | Palisade Wall |
| 4:32 | Queue | Villager (Male) |
| 4:33 | Queue | Villager (Male) |
| 5:28 | Queue | Villager (Male) |
| 5:29 | Queue | Villager (Male) |
| 5:37 | Build | House |
| 6:04 | Queue | Villager (Male) |
| 6:10 | Build | House |
| 6:14 | Build | Mill |
| 6:28 | Build | Mill |
| 6:39 | Queue | Villager (Male) |
| 6:40 | Queue | Villager (Male) |
| 6:57 | Queue | Villager (Male) |
| 7:33 | Research | Feudal Age |
| 7:53 | Research | Loom |
| 8:29 | Build | Barracks |
| 9:03 | Queue | Villager (Male) |
| 9:03 | Queue | Villager (Male) |
| 9:26 | Build | House |
| 9:43 | Age | Feudal Age |
| 9:48 | Build | Stable |
| 9:55 | Research | Double-Bit Axe |
| 10:09 | Research | Horse Collar |
| 10:38 | Queue | Villager (Male) |
| 10:42 | Build | Farm |
| 10:57 | Build | House |
| 10:58 | Queue | Scout Cavalry |
| 10:58 | Queue | Scout Cavalry |
| 11:02 | Build | Farm |
| 11:15 | Build | Farm |
| 11:20 | Queue | Villager (Male) |
| 11:21 | Queue | Scout Cavalry |
| 11:24 | Build | House |
| 11:49 | Queue | Villager (Male) |
| 11:50 | Queue | Villager (Male) |
| 11:52 | Build | Farm |
| 11:53 | Queue | Scout Cavalry |
| 11:59 | Build | House |
| 12:06 | Build | Farm |
| 12:21 | Queue | Scout Cavalry |
| 12:26 | Build | Farm |
| 12:32 | Build | Palisade Wall |
| 12:33 | Queue | Villager (Male) |
| 12:49 | Build | Farm |
| 13:00 | Queue | Villager (Male) |
| 13:04 | Build | Farm |
| 13:10 | Build | Farm |
| 13:17 | Queue | Villager (Male) |
| 13:19 | Queue | Scout Cavalry |
| 13:20 | Queue | Scout Cavalry |
| 13:34 | Build | Farm |
| 13:55 | Queue | Villager (Male) |
| 13:59 | Build | Palisade Wall |
| 14:10 | Build | Farm |
Match timeline
| 1:49 | SpawnShark · wall_segment Palisade Wall x1 |
| 4:07 | sss129458 · wall_segment Palisade Wall x1 |
| 6:54 | Nhitty · first_building Barracks |
| 7:12 | Dadagama · first_building Barracks |
| 8:05 | riZen · wall_segment Palisade Wall x4 |
| 8:09 | riZen · wall_segment Palisade Wall x1 |
| 8:18 | HIX | Milongo · first_building Barracks |
| 8:21 | Falso Caballero · first_building Barracks |
| 8:22 | SpawnShark · first_building Barracks |
| 8:23 | riZen · wall_segment Palisade Wall x10 |
| 8:25 | riZen · wall_segment Palisade Wall x12 |
| 8:29 | sss129458 · first_building Barracks |
| 8:32 | Nhitty · wall_segment Palisade Wall x4 |
| 8:44 | Dadagama · wall_segment Palisade Wall x4 |
| 8:52 | HIX | Milongo · age_up feudal |
| 9:04 | Dadagama · age_up feudal |
| 9:05 | Dadagama · first_building Stable |
| 9:10 | HIX | Milongo · first_building Stable |
| 9:15 | Dadagama · wall_segment Palisade Wall x5 |
| 9:21 | riZen · first_building Barracks |
| 9:25 | Falso Caballero · age_up feudal |
| 9:28 | Nhitty · wall_segment Palisade Wall x2 |
| 9:28 | Falso Caballero · first_building Archery Range |
| 9:28 | Nhitty · wall_segment Palisade Wall x1 |
| 9:37 | riZen · wall_segment Palisade Wall x13 |
| 9:39 | Codiman · first_building Barracks |
| 9:43 | sss129458 · age_up feudal |
| 9:44 | SpawnShark · age_up feudal |
| 9:48 | sss129458 · first_building Stable |
| 9:48 | SpawnShark · first_building Archery Range |
| 9:50 | riZen · wall_segment Palisade Wall x4 |
| 9:58 | Codiman · wall_segment Palisade Wall x4 |
| 10:00 | Codiman · wall_segment Palisade Wall x13 |
| 10:03 | Falso Caballero · wall_segment Palisade Wall x1 |
| 10:05 | Falso Caballero · wall_segment Palisade Wall x1 |
| 10:05 | Nhitty · age_up feudal |
| 10:07 | Nhitty · first_building Archery Range |
| 10:08 | Codiman · wall_segment Palisade Wall x10 |
| 10:17 | HIX | Milongo · wall_segment Palisade Wall x1 |
| 10:20 | HIX | Milongo · wall_segment Palisade Wall x6 |
| 10:21 | Codiman · age_up feudal |
| 10:27 | Codiman · wall_segment Palisade Wall x13 |
| 10:56 | riZen · age_up feudal |
| 10:58 | SpawnShark · wall_segment Palisade Wall x1 |
| 10:58 | riZen · first_building Stable |
| 11:11 | Dadagama · wall_segment Palisade Wall x8 |
| 11:12 | Falso Caballero · wall_segment Palisade Wall x1 |
| 11:12 | Falso Caballero · wall_segment Palisade Wall x1 |
| 11:13 | Falso Caballero · wall_segment Palisade Wall x1 |
| 11:14 | Falso Caballero · wall_segment Palisade Wall x1 |
| 11:21 | Nhitty · wall_segment Palisade Wall x7 |
| 11:22 | Codiman · first_building Archery Range |
| 11:48 | Nhitty · wall_segment Palisade Wall x7 |
| 11:50 | Falso Caballero · wall_segment Palisade Wall x1 |
| 11:53 | Nhitty · wall_segment Palisade Wall x1 |
| 11:56 | Codiman · wall_segment Palisade Wall x4 |
| 11:59 | Codiman · wall_segment Palisade Wall x10 |
| 12:08 | Nhitty · wall_segment Palisade Wall x1 |
| 12:10 | Nhitty · wall_segment Palisade Wall x6 |
| 12:17 | HIX | Milongo · wall_segment Palisade Wall x8 |
| 12:24 | riZen · wall_segment Palisade Wall x1 |
| 12:26 | Nhitty · wall_segment Palisade Wall x2 |
| 12:32 | sss129458 · wall_segment Palisade Wall x8 |
| 12:47 | Codiman · wall_segment Palisade Wall x2 |
| 13:07 | Falso Caballero · wall_segment Palisade Wall x1 |
| 13:08 | Falso Caballero · wall_segment Palisade Wall x3 |
| 13:21 | Nhitty · wall_segment Palisade Wall x1 |
| 13:59 | sss129458 · wall_segment Palisade Wall x6 |
| 14:19 | Nhitty · resign |
| 14:29 | HIX | Milongo · wall_segment Palisade Wall x6 |
| 14:30 | HIX | Milongo · wall_segment Palisade Wall x6 |
| 14:48 | Falso Caballero · wall_segment Palisade Wall x1 |
| 14:49 | Falso Caballero · wall_segment Palisade Wall x1 |
[ AI ANALYSIS · 1 CREDIT ]
What really happened in this match?
Wolo.gg analyzes every decision: build order, eco, micro, common mistakes by bracket. Personalized analysis on WhatsApp or Discord in 30 seconds.
Civ guide
Ethiopians
Perfil
Jugador #12011326